 Dungeon Sprint DCSS version 0.16.2-12-gd0ad4c3 (webtiles) character file.

18907 Ponchio the Eclecticist (level 12, -2/59 HPs)
             Began as a Deep Elf Fire Elementalist on Sept 21, 2015.
             Was the Champion of Vehumet.
             Slain by a naga warrior (6 damage)
             ... in the Dungeon (Sprint V: "Ziggurat Sprint").
             The game lasted 01:05:41 (2259 turns).

Ponchio the Eclecticist (DEFE)                      Turns: 2259, Time: 01:05:41

Health: -2/59      AC:  5    Str:  9    XL:     12   Next: 31%
Magic:  35/52      EV: 28    Int: 43    God:    Vehumet [******]
Gold:   0          SH:  0    Dex: 15    Spells: 5 memorised, 23 levels left

rFire  + . .     SeeInvis .     K - +6 Majin-Bo {vamp, Archmagi MP+6 Int+6} (curse)
rCold  + + .     Clarity  +     S - +2 robe {rC+ rF+} (curse)
rNeg   . . .     SustAb   .     (no shield)
rPois  .         Gourm    .     (no helmet)
rElec  +         Spirit   .     L - +0 cloak of Starlight {rElec rC+ EV+4 Stlth-} (curse)
rCorr  .         Warding  .     (no gloves)
rMut   .         NoTele   +     (no boots)
MR     ++++.                    T - amulet of Vuimp {Clar +Inv MR++}
Stlth  +.........               U - ring of Klifuel {-Tele MR+ MP+9 Str+4 Int+5}
                                C - +6 ring of intelligence (curse)

@: very slightly contaminated, hasted, constricted, repel missiles, invisible,
very quick, incredibly resistant to hostile enchantments, very unstealthy
A: no striking features
a: Renounce Religion, Turn Visible


You were in the Dungeon.
You worshipped Vehumet.
Vehumet was exalted by your worship.
You were not hungry.

You visited 1 branch

Inventory:

Hand weapons
 K - the cursed +6 Majin-Bo (weapon) {vamp, Archmagi MP+6 Int+6}
   (You found it in the Dungeon)

   It inflicts no extra harm, but heals its wielder somewhat when it strikes a
   living foe.
   It affects your intelligence (+6).
   It affects your magic capacity (+6).
   It has a curse placed upon it.
Armour
 L - the cursed +0 cloak of Starlight (worn) {rElec rC+ EV+4 Stlth-}
   (You found it in the Dungeon)

   It affects your evasion (+4).
   It protects you from cold.
   It insulates you from electricity.
   It makes you less stealthy.
   It has a curse placed upon it.
 S - a cursed +2 robe of resistance (worn)
Jewellery
 C - a cursed +6 ring of intelligence (left hand)
 D - a +6 ring of intelligence
 T - the amulet of Vuimp (around neck) {Clar +Inv MR++}
   (You took it off an iron imp in the Dungeon)

   [amulet of clarity]

   It provides mental clarity.
   It affects your resistance to hostile enchantments.
   It lets you turn invisible.
 U - the ring of Klifuel (right hand) {-Tele MR+ MP+9 Str+4 Int+5}
   (You found it in the Dungeon)

   [ring of protection from magic]

   It affects your strength (+4).
   It affects your intelligence (+5).
   It affects your resistance to hostile enchantments.
   It affects your magic capacity (+9).
   It prevents most forms of teleportation.
Magical devices
 G - a wand of disintegration (0)
 H - a wand of fire (3)
 I - a wand of cold (0)
 J - a wand of draining (0)
Scrolls
 a - 4 scrolls of enchant armour
 i - 4 scrolls of blinking
 q - 3 scrolls of amnesia
 r - 3 scrolls of recharging
 s - 7 scrolls of fog
 t - a scroll of holy word
 u - 5 scrolls of identify
 v - 5 scrolls of remove curse
 w - 2 scrolls of fear
 Q - 4 scrolls of brand weapon
Potions
 d - 4 potions of curing
 f - 4 potions of haste
 g - 7 potions of magic
 h - 3 potions of berserk rage
 j - 2 potions of brilliance
 k - 2 potions of invisibility
 l - a potion of restore abilities
 m - 2 potions of resistance
 o - 5 potions of agility
 p - 5 potions of might
Books
 b - a book of Flames

   Spells                             Type                      Level
   a - Flame Tongue                   Conjuration/Fire             1
   b - Throw Flame                    Conjuration/Fire             2
   c - Conjure Flame                  Conjuration/Fire             3
   d - Inner Flame                    Hexes/Fire                   3
   e - Sticky Flame                   Conjuration/Fire             4
   f - Fireball                       Conjuration/Fire             5
 e - a book of Air

   Spells                             Type                      Level
   a - Shock                          Conjuration/Air              1
   b - Swiftness                      Charms/Air                   2
   c - Repel Missiles                 Charms/Air                   2
   d - Flight                         Charms/Air                   3
   e - Static Discharge               Conjuration/Air              3
   f - Lightning Bolt                 Conjuration/Air              5
 n - an Akashic Record This book is beyond your current level of understanding.

   Spells                             Type                      Level
   a - Dispersal                      Translocation                6
   b - Controlled Blink               Translocation                7
   c - Malign Gateway                 Summoning/Translocation      7
   d - Disjunction                    Translocation                8
   e - Singularity                    Translocation                9
 B - a book of Power

   Spells                             Type                      Level
   a - Fulminant Prism                Conjuration/Hexes            4
   b - Iskenderun's Mystic Blast      Conjuration                  4
   c - Venom Bolt                     Conjuration/Poison           5
   d - Bolt of Magma                  Conjuration/Fire/Earth       5
   e - Iron Shot                      Conjuration/Earth            6
   f - Orb of Destruction             Conjuration                  7
   g - Spellforged Servitor           Conjuration/Summoning        7
 E - the Grimoire of Shape Shifting
   (You found it in the Dungeon)

   Spells                             Type                      Level
   a - Beastly Appendage              Transmutation                1
   b - Alistair's Intoxication        Transmutation/Poison         4
   c - Petrify                        Transmutation/Earth          4
   d - Irradiate                      Conjuration/Transmutation    5
 P - the Catalogue of Confrontation and Feathers
   (You found it in the Dungeon)

   Spells                             Type                      Level
   a - Magic Dart                     Conjuration                  1
   b - Mephitic Cloud                 Conjuration/Poison/Air       3
   c - Bolt of Draining               Conjuration/Necromancy       5
   d - Iskenderun's Battlesphere      Conjuration/Charms           5
   e - Conjure Ball Lightning         Conjuration/Air              6
Miscellaneous
 y - a disc of storms
 M - a stone of tremors
 N - a lamp of fire (inert)
 O - a phial of floods
 R - 2 phantom mirrors
Comestibles
 c - 5 bread rations
 x - 34 fruits
 z - 4 meat rations


   Skills:
 + Level 17.8 Dodging
 - Level 2.4 Stealth
 + Level 19.9 Spellcasting
 + Level 17.2 Conjurations
 - Level 5.1 Summonings
 - Level 6.2 Fire Magic
 - Level 4.8 Earth Magic
 + Level 15.5 Evocations


You had 23 spell levels left.
You knew the following spells:

 Your Spells              Type           Power        Failure   Level  Hunger
a - Repel Missiles        Chrm/Air       ######       1%          2    None
b - Fireball              Conj/Fire      ########..   1%          5    None
c - Orb of Destruction    Conj           ########..   1%          7    None
d - Iron Shot             Conj/Erth      ########..   1%          6    None
e - Spellforged Servitor  Conj/Summ      ########..   1%          7    None


Dungeon Overview and Level Annotations

Branches:
Dungeon (1/1)

Altars:
Ashenzari
Cheibriados
Dithmenos
Elyvilon
Fedhas
Gozag
Kikubaaqudgha
Makhleb
Nemelex Xobeh
Okawaru
Qazlal
Ru
Sif Muna
Trog
Vehumet
Xom
Yredelemnul
Zin
The Shining One
Beogh
Jiyva
Lugonu


Message History

* * * LOW HITPOINT WARNING * * *
The naga warrior constricts you. The naga spits poison at you.
The splash of poison misses you. The naga misses you.
The black mamba bites your spellforged servitor but does no damage.
Drink which item? (? for menu, Esc to quit)
You feel better.
The black mamba closely misses your spellforged servitor.
The naga warrior closely misses you. The naga warrior constricts you.
The naga barely misses you.
The naga hits your spellforged servitor with a hand axe!
The naga completely misses you.
The black mamba bites your spellforged servitor!
Drink which item? (? for menu, Esc to quit)
You feel yourself speed up. The guardian serpent hits you!
* * * LOW HITPOINT WARNING * * *
The black mamba barely misses your spellforged servitor.
The naga warrior spits poison at you.
The splash of poison is repelled.
You die...

[)) ▓........▓.
......... ▓▓▓▓▓▓▓▓▓▓▓
.....N.....▓...8©8...▓
......... ▓..}[[....▓
......S ▓...}.)...▓
.S... ▓....|....▓
▓▓SS.▓▓ ▓.........▓
▓..▓8NNN.▓..▓.........▓
▓....)@S....▓.........▓
▓▓▓▓▓▓▓▓▓▓▓▓▓.▓.....▓.▓
▓....8©8....▓.........▓
▓...\}.[=)..▓▓▓▓▓▓▓▓▓▓▓
▓...)}?=)...▓...8©8...▓
▓...........▓..|.}}[..▓
▓.."........▓...:.}...▓
▓.....÷.....▓.........▓
▓...........▓.........▓


You could see a naga warrior, a greater naga, a guardian serpent, 2 black
mambas, 2 nagas, 2 adders and a friendly spellforged servitor.

Vanquished Creatures
  A bone dragon (D)
  2 reapers (D)
  A black draconian (D)
  2 purple draconians (D)
  A pale draconian (D)
  An ettin (D)
  A mummy priest (D)
  2 hell hogs (D)
  A sun demon (D)
  2 flayed ghosts (D)
  An orc knight (D)
  An orc sorcerer (D)
  4 draconians (D)
  A rust devil (D)
  A naga mage (D)
  An orange demon (D)
  3 guardian mummies (D)
  A fire drake (D)
  2 water elementals (D)
  2 red devils (D)
  A blue devil (D)
  A fire vortex (D)
  3 flying skulls (D)
  A shadow (D)
  A spriggan (D)
  A vampire (D)
  2 wraiths (D)
  A wolf (D)
  2 orc warriors (D)
  A porcupine (D)
  A black bear (D)
  A necrophage (D)
  A phantom (D)
  Sigmund (D)
  Blork the orc (D)
  A wight (D)
  3 quasits (D)
  A crimson imp (D)
  Crazy Yiuf (D)
  2 iron imps (D)
  2 iguanas (D)
  Jessica (D)
  5 mummies (D)
  A river rat (D)
  A white imp (D)
  2 ufetubi (D)
  2 adder skeletons (D)
  2 adder zombies (D)
  2 orcs (D)
  2 bat skeletons (D)
  A bat zombie (D)
  A goblin (D)
  A ball python zombie (D)
  2 giant cockroach zombies (D)
  2 giant gecko skeletons (D)
85 creatures vanquished.

Vanquished Creatures (collateral kills)
  2 fire elementals (D)
  A hell hound (D)
  An orc (D)
  A hobgoblin (D)
5 creatures vanquished.

Vanquished Creatures (others)
  2 spatial maelstroms (D)
  A fire vortex (D)
  A fire elemental (D)
  7 water elementals (D)
11 creatures vanquished.

Grand Total: 101 creatures vanquished

Notes
Turn   | Place    | Note
--------------------------------------------------------------
     0 | D        | Ponchio, the Deep Elf Fire Elementalist, began the quest for the Orb.
     0 | D        | Reached XP level 1. HP: 10/10 MP: 5/5
     0 | D        | Found a corrupted altar of Lugonu.
     0 | D        | Found a basalt altar of Yredelemnul.
     0 | D        | Found an iron altar of Okawaru.
     0 | D        | Found a burning altar of Makhleb.
     0 | D        | Found a radiant altar of Vehumet.
     1 | D        | Found a viscous altar of Jiyva.
     1 | D        | Found a white marble altar of Elyvilon.
     3 | D        | Found a sparkling altar of Nemelex Xobeh.
     3 | D        | Found a deep blue altar of Sif Muna.
     7 | D        | Found a bloodstained altar of Trog.
     7 | D        | Found a shimmering altar of Xom.
     8 | D        | Banished a spatial maelstrom
    14 | D        | Banished a spatial maelstrom
    33 | D        | Became a worshipper of Vehumet
    45 | D        | Reached skill level 7 in Spellcasting
    45 | D        | Reached skill level 5 in Conjurations
    45 | D        | Reached XP level 2. HP: 15/15 MP: 6/14
   129 | D        | Entered arena 1.
   129 | D        | Noticed a quasit
   129 | D        | Noticed an iron imp
   131 | D        | Killed an iron imp
   131 | D        | Reached skill level 8 in Spellcasting
   131 | D        | Reached XP level 3. HP: 19/19 MP: 18/18
   133 | D        | Killed a quasit
   133 | D        | Reached XP level 4. HP: 18/24 MP: 21/21
   211 | D        | Entered arena 2.
   211 | D        | Noticed a spriggan
   211 | D        | Noticed a black bear
   211 | D        | Noticed a wolf
   215 | D        | Killed a spriggan
   215 | D        | Acquired Vehumet's first power
   215 | D        | Offered knowledge of Sting by Vehumet.
   215 | D        | Reached skill level 10 in Spellcasting
   215 | D        | Reached XP level 5. HP: 26/28 MP: 25/25
   222 | D        | Killed a black bear
   222 | D        | Reached skill level 11 in Spellcasting
   222 | D        | Reached XP level 6. HP: 18/32 MP: 27/27
   224 | D        | Killed a wolf
   368 | D        | Got the ring "Pnyut" {rN+ Int+4}
   379 | D        | Learned a level 5 spell: Fireball
   379 | D        | Entered arena 3.
   379 | D        | Noticed Sigmund
   379 | D        | Noticed Jessica
   379 | D        | Noticed Blork the orc
   379 | D        | Noticed Crazy Yiuf
   380 | D        | Killed Sigmund
   380 | D        | Offered knowledge of Throw Frost by Vehumet.
   380 | D        | Reached skill level 12 in Spellcasting
   380 | D        | Reached skill level 10 in Conjurations
   380 | D        | Reached XP level 7. HP: 36/36 MP: 28/29
   380 | D        | Killed Jessica
   381 | D        | Killed Crazy Yiuf
   381 | D        | Killed Blork the orc
   381 | D        | Reached skill level 10 in Dodging
   387 | D        | Identified the Volume of Protection (You found it in the Dungeon)
   468 | D        | Entered arena 4.
   468 | D        | Noticed a porcupine
   468 | D        | Noticed an iguana
   468 | D        | Noticed an iguana
   469 | D        | Killed a porcupine
   469 | D        | Acquired Vehumet's second power
   469 | D        | Killed an iguana
   469 | D        | Killed an iguana
   469 | D        | Reached skill level 13 in Spellcasting
   510 | D        | Entered arena 5.
   510 | D        | Noticed a wight
   510 | D        | Noticed a phantom
   510 | D        | Noticed a necrophage
   511 | D        | Acquired Vehumet's third power
   511 | D        | Killed a necrophage
   512 | D        | Killed a phantom
   513 | D        | Killed a wight
   638 | D        | Entered arena 6.
   638 | D        | Noticed a fire vortex
   638 | D        | Noticed a fire elemental
   638 | D        | Noticed a fire vortex
   638 | D        | Noticed a hell hog
   638 | D        | Noticed a fire elemental
   638 | D        | Noticed a fire drake
   641 | D        | Killed a fire vortex
   641 | D        | Reached skill level 5 in Evocations
   641 | D        | Reached XP level 8. HP: 41/41 MP: 31/31
   645 | D        | Killed a hell hog
   645 | D        | Offered knowledge of Searing Ray by Vehumet.
   645 | D        | Reached skill level 14 in Spellcasting
   651 | D        | Killed a fire drake
   651 | D        | Reached XP level 9. HP: 32/45 MP: 33/33
   662 | D        | Killed a fire elemental
   671 | D        | Killed a fire elemental
   682 | D        | Killed a fire vortex
   699 | D        | Learned a level 7 spell: Orb of Destruction
   715 | D        | Learned a level 6 spell: Iron Shot
   787 | D        | Entered arena 7.
   787 | D        | Noticed a flying skull
   787 | D        | Noticed a guardian mummy
   787 | D        | Noticed a guardian mummy
   789 | D        | Killed a guardian mummy
   789 | D        | Reached skill level 15 in Spellcasting
   789 | D        | Reached skill level 1 in Earth Magic
   789 | D        | Killed a flying skull
   789 | D        | Killed a guardian mummy
   914 | D        | Entered arena 8.
   914 | D        | Noticed a mummy priest
   914 | D        | Noticed a guardian mummy
   914 | D        | Noticed a flying skull
   915 | D        | Offered knowledge of Airstrike by Vehumet.
   916 | D        | Killed a guardian mummy
   916 | D        | Reached skill level 5 in Fire Magic
   917 | D        | Killed a flying skull
   919 | D        | Killed a mummy priest
   919 | D        | Reached XP level 10. HP: 27/50 MP: 23/35
   919 | D        | Noticed a reaper
   922 | D        | Killed a reaper
  1042 | D        | Entered arena 9.
  1042 | D        | Noticed a draconian
  1042 | D        | Noticed a draconian
  1042 | D        | Noticed a draconian
  1042 | D        | Noticed a pale draconian
  1042 | D        | Noticed a purple draconian
  1042 | D        | Noticed a purple draconian
  1042 | D        | Noticed a black draconian
  1042 | D        | Noticed a draconian
  1049 | D        | Killed a black draconian
  1049 | D        | Reached skill level 16 in Spellcasting
  1049 | D        | Reached skill level 10 in Evocations
  1051 | D        | Killed a draconian
  1055 | D        | Killed a draconian
  1056 | D        | Killed a purple draconian
  1060 | D        | Killed a pale draconian
  1060 | D        | Reached skill level 15 in Dodging
  1060 | D        | Reached skill level 17 in Spellcasting
  1061 | D        | Killed a draconian
  1061 | D        | Reached XP level 11. HP: 34/54 MP: 14/37
  1062 | D        | Killed a purple draconian
  1062 | D        | Reached skill level 15 in Conjurations
  1063 | D        | Killed a draconian
  1285 | D        | Learned a level 7 spell: Spellforged Servitor
  1288 | D        | Entered arena 10.
  1288 | D        | Noticed a sun demon
  1288 | D        | Noticed a bone dragon
  1288 | D        | Noticed a crimson imp
  1288 | D        | Noticed a quasit
  1288 | D        | Noticed a quasit
  1288 | D        | Noticed an orange demon
  1289 | D        | Killed a quasit
  1289 | D        | Offered knowledge of Throw Icicle by Vehumet.
  1290 | D        | Killed a quasit
  1290 | D        | Killed an orange demon
  1290 | D        | Reached skill level 1 in Summonings
  1291 | D        | Killed a crimson imp
  1294 | D        | Killed a sun demon
  1302 | D        | Killed a bone dragon
  1302 | D        | Reached skill level 18 in Spellcasting
  1302 | D        | Reached skill level 5 in Summonings
  1528 | D        | Got the ring "Ganamp" {Ice +Fly rPois Int+2}
  1548 | D        | Entered arena 11.
  1548 | D        | Noticed an orc sorcerer
  1548 | D        | Noticed an orc knight
  1548 | D        | Noticed an orc warrior
  1549 | D        | Noticed an ettin
  1550 | D        | Noticed an orc warrior
  1550 | D        | Offered knowledge of Lightning Bolt by Vehumet.
  1551 | D        | Killed an orc warrior
  1554 | D        | Killed an ettin
  1554 | D        | Killed an orc knight
  1555 | D        | Killed an orc warrior
  1555 | D        | Killed an orc sorcerer
  1735 | D        | Entered arena 12.
  1735 | D        | Noticed a flayed ghost
  1735 | D        | Noticed a wraith
  1735 | D        | Noticed a hell hound
  1735 | D        | Noticed a flayed ghost
  1735 | D        | Noticed a flying skull
  1735 | D        | Noticed a red devil
  1735 | D        | Noticed a vampire
  1736 | D        | Noticed a wraith
  1740 | D        | Killed a flying skull
  1740 | D        | Reached skill level 19 in Spellcasting
  1742 | D        | Killed a wraith
  1742 | D        | Offered knowledge of Delayed Fireball by Vehumet.
  1742 | D        | Killed a wraith
  1743 | D        | Killed a vampire
  1744 | D        | Killed a hell hound
  1746 | D        | Killed a flayed ghost
  1747 | D        | Killed a red devil
  1747 | D        | Reached XP level 12. HP: 53/59 MP: 15/39
  1748 | D        | Killed a flayed ghost
  1886 | D        | Identified the Grimoire of Shape Shifting (You found it in the Dungeon)
  1888 | D        | Identified the Catalogue of Confrontation and Feathers (You found it in the Dungeon)
  1899 | D        | Learned a level 2 spell: Repel Missiles
  1903 | D        | Entered arena 13.
  1903 | D        | Noticed a red devil
  1903 | D        | Noticed a hell hog
  1903 | D        | Noticed a rust devil
  1905 | D        | Noticed a blue devil
  1905 | D        | Noticed a shadow
  1905 | D        | Killed a hell hog
  1906 | D        | Noticed an iron imp
  1906 | D        | Killed a shadow
  1906 | D        | Reached skill level 15 in Evocations
  1907 | D        | Killed a blue devil
  1908 | D        | Killed a red devil
  1909 | D        | Noticed a reaper
  1910 | D        | Killed a rust devil
  1916 | D        | Killed a reaper
  1916 | D        | Offered knowledge of Ignite Poison by Vehumet.
  1944 | D        | Killed an iron imp
  2160 | D        | Got the amulet of Vuimp {Clar +Inv MR++}
  2166 | D        | Got the ring of Klifuel {-Tele MR+ MP+9 Str+4 Int+5}
  2253 | D        | Entered arena 14.
  2253 | D        | Noticed a black mamba
  2253 | D        | Noticed a guardian serpent
  2254 | D        | Noticed a black mamba
  2255 | D        | Noticed a naga warrior
  2255 | D        | Noticed a naga
  2255 | D        | Noticed a black mamba
  2255 | D        | Noticed a naga
  2255 | D        | Noticed a naga mage
  2256 | D        | Noticed a greater naga
  2256 | D        | Killed a naga mage
  2259 | D        | Slain by a naga warrior

Action                   |  1- 3 |  4- 6 |  7- 9 | 10-12 || total
-------------------------+-------+-------+-------+-------++-------
Melee: Quarterstaff      |       |       |     1 |     1 ||     2
 Cast: Flame Tongue      |       |     1 |       |       ||     1
       Fireball          |       |       |    13 |    21 ||    34
       Iron Shot         |       |       |       |    25 ||    25
       Spellforged Servi |       |       |       |     4 ||     4
       Orb of Destructio |       |       |       |     3 ||     3
       Repel Missiles    |       |       |       |     1 ||     1
 Abil: Evoke Invisibilit |       |       |       |     1 ||     1
Evoke: Wand              |     3 |     9 |     7 |       ||    19
       Phial of floods   |       |       |     3 |     3 ||     6
       Lamp of fire      |       |       |       |     3 ||     3
  Use: Potion            |     1 |     3 |     2 |    19 ||    25
       Scroll            |       |       |       |     1 ||     1
  Eat: Fruit             |     2 |     1 |     2 |     3 ||     8
       Chunk             |       |       |       |     2 ||     2
